Map: [ESL] Data-C

Players

HeroMarine - Winner!

  • Race: Terran Terran
  • Spawn Location: 3:00

Astrea

  • Race: Protoss Protoss
  • Spawn Location: 9:00

Event: TSL 9

VOD

Have the link to the VOD?

Description

Time

  • Played on: Aug. 21, 2022, 8:10 a.m.
  • Length: 9:13

All games in this series

Show
View Real Time Build Order
Export as new Build Order

HeroMarine Terran - Winner!

Build Orders:  

Get SALT Encoding   

  12  0:00  SCV  
  13  0:12  SCV  
  14  0:17  Supply Depot  
  14  0:24  SCV  
  15  0:39  SCV  
  15  0:40  Barracks  
  16  0:44  Refinery  
  16  0:51  SCV  
  17  1:03  SCV  
  18  1:15  SCV  
  19  1:27  Orbital Command, Marine  
  20  1:41  Command Center  
  20  1:50  Factory  
  20  1:55  SCV  
  21  2:01  Refinery  
  21  2:04  Barracks Reactor  
  21  2:07  SCV  
  22  2:12  Supply Depot  
  22  2:19  SCV  
  23  2:33  SCV  
  23  2:34  Hellion  
  23  2:35  Starport  
  26  2:39  Marine  
  26  2:40  Marine  
  28  2:45  SCV  
  29  2:52  Orbital Command  
  29  2:56  Factory Tech Lab  
  29  2:57  SCV  
  30  3:00  Marine  
  31  3:09  SCV  
  32  3:14  Marine  
  32  3:18  SCV  
  32  3:19  Marine  
  37  3:21  SCV  
  36  3:29  Supply Depot, Factory Tech Lab  
  36  3:30  SCV, Raven  
  36  3:34  SCV  
  40  3:36  Barracks  
  40  3:37  Marine x2  
  42  3:42  SCV  
  42  3:46  SCV  
  44  3:51  Siege Tank  
  44  3:53  Barracks  
  44  3:54  SCV  
  48  3:58  SCV  
  48  4:00  Supply Depot  
  49  4:06  Engineering Bay  
  49  4:09  SCV  
  50  4:10  SCV  
  50  4:12  Marine x2  
  50  4:16  Refinery  
  53  4:21  SCV  
  53  4:22  SCV  
  55  4:25  Supply Depot  
  55  4:27  Siege Tank  
  58  4:34  SCV x2  
  58  4:36  Terran Infantry Weapons Level 1  
  60  4:41  Refinery  
  60  4:42  Stimpack  
  60  4:46  SCV x2  
  60  4:47  Marine x2  
  60  4:48  Marine  
  60  4:52  Supply Depot  
  65  4:58  SCV x2  
  56  5:10  SCV x2  
  56  5:13  Missile Turret, Starport Reactor  
  56  5:17  Factory Reactor  
  56  5:19  Marine x2  
  56  5:20  Missile Turret  
  58  5:22  SCV  
  58  5:23  SCV  
  58  5:27  Marine  
  58  5:28  Marine  
  62  5:31  Supply Depot  
  62  5:35  SCV x2  
  64  5:36  Marine  
  64  5:42  Combat Shield  
  65  5:47  SCV x2, Marine  
  69  5:58  Medivac  
  69  5:59  Medivac  
  69  6:00  SCV  
  69  6:03  SCV  
  75  6:06  Marine x3  
  77  6:12  SCV  
  77  6:15  SCV, Marine  
  80  6:21  Widow Mine x2  
  80  6:23  Marine  
  80  6:24  Marine  
  86  6:29  Supply Depot  
  86  6:31  SCV x2, Medivac x2  
  92  6:39  Concussive Shells, Marauder  
  93  6:43  SCV  
  93  6:44  Supply Depot  
  94  6:50  Marauder, Marine x2  
  94  6:51  Widow Mine x2  
  102  7:06  SCV x2, Marauder  
  106  7:09  Marine x2  
  106  7:12  Marauder  
  109  7:18  Terran Infantry Armor Level 1  
  109  7:20  Supply Depot x2  
  110  7:27  Marauder  
  110  7:28  Medivac, Widow Mine x2  
  117  7:30  Marine  
  118  7:41  Medivac, Marine  
  118  7:42  Marauder  
  123  7:49  Marauder  
  123  7:51  SCV  
  124  7:53  SCV  
  124  7:54  Marine  
  124  7:57  Widow Mine x2  
  124  7:59  Marine  
  124  8:01  Medivac  
  124  8:03  Marauder  
  131  8:11  Marauder  
  133  8:14  Medivac  
  133  8:16  Command Center  
  133  8:18  Widow Mine  
  132  8:25  Marauder  
  118  8:32  Marauder  
  118  8:33  SCV x2  
  118  8:34  Barracks x2  
  119  8:46  SCV  
  119  8:47  SCV  
  119  8:48  Marauder, Marine  
  123  8:51  Marine  
  126  8:58  SCV  
  126  8:59  SCV  
Show
View Real Time Build Order
Export as new Build Order

Astrea Protoss 

Build Orders: 1 Gate Expand, Zealot Archon, Archon Drop, Dark Templar Rush 

Get SALT Encoding   

  12  0:00  Probe  
  13  0:12  Probe  
  14  0:17  Pylon  
  14  0:24  Probe  
  15  0:35  Gateway  
  15  0:38  Probe (Chrono Boost)  
  16  0:43  Assimilator  
  17  0:50  Probe (Chrono Boost)  
  17  0:55  Probe (Chrono Boost)  
  19  1:04  Probe  
  19  1:16  Probe  
  20  1:22  Cybernetics Core  
  20  1:32  Nexus  
  20  1:36  Probe  
  21  1:42  Pylon  
  21  1:48  Probe  
  21  1:50  Assimilator  
  22  1:57  Adept (Chrono Boost)  
  22  2:00  Probe  
  25  2:02  Warp Gate  
  25  2:12  Probe  
  26  2:18  Stalker (Chrono Boost)  
  28  2:24  Probe  
  28  2:29  Twilight Council  
  29  2:36  Probe (Chrono Boost)  
  30  2:41  Gateway  
  30  2:44  Probe (Chrono Boost)  
  32  2:54  Probe (Chrono Boost)  
  32  2:55  Probe (Chrono Boost)  
  33  2:58  Robotics Facility  
  33  3:01  Probe x2 (Chrono Boost)  
  35  3:12  Probe  
  36  3:13  Probe  
  36  3:16  Dark Shrine  
  37  3:23  Pylon  
  37  3:25  Probe  
  38  3:28  Probe  
  39  3:37  Gateway, Probe  
  39  3:41  Probe  
  41  3:42  Warp Prism (Chrono Boost)  
  41  3:45  Pylon  
  43  3:50  Probe  
  43  3:51  Stalker  
  46  4:01  Pylon  
  46  4:03  Probe x2, Stalker  
  46  4:06  Assimilator  
  50  4:15  Probe  
  50  4:16  Probe  
  52  4:27  Probe  
  52  4:29  Probe, Pylon  
  54  4:33  Dark Templar x2  
  57  4:38  Dark Templar  
  57  4:39  Probe  
  57  4:42  Probe  
  61  4:46  Nexus  
  61  4:54  Assimilator  
  61  4:59  Probe  
  62  5:01  Probe  
  62  5:06  Charge (Chrono Boost)  
  63  5:11  Probe  
  63  5:13  Probe  
  65  5:17  Forge  
  63  5:23  Probe  
  63  5:24  Dark Templar x2  
  63  5:25  Archon, Probe  
  69  5:30  Archon  
  69  5:31  Pylon  
  69  5:34  Gateway  
  69  5:36  Probe  
  69  5:38  Gateway x2  
  69  5:41  Pylon  
  70  5:46  Immortal (Chrono Boost)  
  74  5:51  Protoss Ground Armor Level 1 (Chrono Boost)  
  74  5:53  Probe x2  
  76  6:04  Gateway x2  
  76  6:06  Sentry  
  76  6:08  Probe  
  76  6:09  Zealot x2  
  83  6:16  Probe  
  82  6:19  Observer  
  82  6:22  Probe  
  83  6:29  Probe x2  
  83  6:31  Zealot x2, Sentry  
  91  6:37  Probe  
  92  6:40  Immortal, Pylon  
  92  6:41  Pylon  
  92  6:46  Probe  
  97  6:52  Zealot x2  
  101  6:58  Zealot x4  
  101  6:59  Zealot  
  111  7:03  Zealot  
  106  7:23  Zealot  
  106  7:26  Pylon  
  106  7:27  Pylon  
  108  7:32  Pylon  
  108  7:34  Pylon  
  108  7:47  Zealot x5  
  114  7:52  Probe  
  107  8:04  Zealot  
  107  8:05  Zealot  
  111  8:11  Zealot x3  
  111  8:12  Zealot  
  116  8:14  Pylon  
  116  8:18  Pylon  
  114  8:21  Nexus  
  102  8:30  Zealot x3, Pylon  
  102  8:32  Zealot x4  
  107  8:42  Pylon x2  
  107  8:47  Pylon  
  95  8:55  Zealot x4  
Tags
 
Add a new tag
Caveats
  • Supply blocks, unpowered buildings, or Contaminate may cause inaccurate times.
  • Supply counts are checked every 10 seconds.